AoeStats
← dix.

Arabia

510372064Analyzed
2v2 RM · 16h ago on Sep 30, 2026· 44m 3s· 4 players
Game mode
Random Map
Map size
Medium (4 player)
Population
200
Speed
Normal
Resources
Standard
Victory
Conquest
Starting age
Dark Age
Ending age
Imperial Age
RankedLock teamsTeams togetherTeam positionsShared explorationLock speedFull tech treeHidden civsTurbo modeCheats
Victory
Defeat
🇳🇱 Khmer · Netherlands
955
+10
🇳🇱 Vietnamese · Netherlands
688
+35
🇰🇿 Berbers · Kazakhstan
852
-17
🇷🇺 Japanese · Russia
771
-14
Divine_Fury
8:20 Loom
11:13 Feudal Age
11:54 Horse Collar
12:00 Double-Bit Axe
16:11 Forging
17:39 Bloodlines
25:06 Castle Age
27:34 Wheelbarrow
31:15 Fletching
31:26 Padded Archer Armor
34:32 Husbandry
36:40 Hand Cart
37:03 Bow Saw
dix.
3:26 Loom
10:37 Feudal Age
10:52 Man-at-Arms
12:30 Forging
15:18 Wheelbarrow
18:44 Double-Bit Axe
18:52 Gold Mining
23:57 Castle Age
27:18 Hand Cart
27:03 Pikeman
27:44 Squires
29:40 Iron Casting
29:05 Scale Mail Armor
32:26 Chain Mail Armor
ZeChaos
6:36 Loom
9:42 Feudal Age
10:42 Double-Bit Axe
10:39 Horse Collar
12:28 Forging
15:48 Bloodlines
16:32 Scale Barding Armor
21:56 Castle Age
22:32 Wheelbarrow
23:42 Husbandry
24:04 Chain Barding Armor
24:20 Iron Casting
24:06 Gold Mining
26:17 Hand Cart
26:38 Light Cavalry
39:56 Imperial Age
40:16 Fletching
41:37 Conscription
42:04 Cavalier
43:24 Plate Barding Armor
45:09 Blast Furnace
44:28 Bodkin Arrow
Ancrypto
11:50 Feudal Age
16:18 Padded Archer Armor
16:09 Fletching
23:50 Castle Age
25:02 Crossbowman
40:09 Wheelbarrow
Connection lost

Rejoining the realm…

Still unreachable

The connection could not be restored.

Session expired

The server has moved on; the page needs a fresh start.